 Dungeon Crawl Stone Soup version 0.25.0-26-g0c896c7088 (webtiles) character file.

Game seed: 14099011429506827194

933 xccam the Covert (level 8, -7/52 HPs)
             Began as an Octopode Monk on July 1, 2020.
             Mangled by Duvessa
             ... wielding a +0 short sword
              (16 damage)
             ... on level 4 of the Dungeon.
             The game lasted 00:05:27 (4212 turns).

xccam the Covert (Octopode Monk)                    Turns: 4212, Time: 00:05:27

Health: -7/52      AC:  1    Str: 11      XL:     8   Next: 11%
Magic:  8/8        EV: 14    Int: 12 (13) God:
Gold:   379        SH:  0    Dex: 15      Spells: 7/7 levels left

rFire    . . .     SeeInvis .     - Unarmed
rCold    . . .     Gourm    .   (no shield)
rNeg     . . .     Faith    .   (helmet restricted)
rPois    .         Spirit   .   (no amulet)
rElec    .         Reflect  .   (no ring)
rCorr    .         Harm     .   (no ring)
MR       .....                  (no ring)
Stlth    +++++.....             (no ring)
HPRegen  0.17/turn              (no ring)
MPRegen  0.11/turn              (no ring)
                                (no ring)
                                (no ring)

@: hasted, very quick
A: almost no armour, stealthy swim, amphibious, 8 rings, constrict 8, camouflage
1, gelatinous body 1
a: no special abilities


You were on level 4 of the Dungeon.
You were very hungry.

You visited 1 branch of the dungeon, and saw 4 of its levels.

You collected 379 gold pieces.

Inventory:

Jewellery
 c - an uncursed ring of fire
Wands
 p - a wand of iceblast (9)
Scrolls
 e - a scroll of fog {unknown}
 f - 2 scrolls of magic mapping {unknown}
 h - a scroll of amnesia {unknown}
 l - 4 scrolls of remove curse {unknown}
 n - a scroll of enchant weapon {unknown}
 o - 2 scrolls of fear {unknown}
Potions
 b - 2 potions of curing
 d - 5 potions of brilliance
 g - a potion of heal wounds {unknown}
 k - a potion of mutation {unknown}
 m - a potion of degeneration
 q - a potion of haste
Comestibles
 a - 10 rations


   Skills:
 + Level 3.2 Fighting
 + Level 3.3 Dodging
 - Level 8.1 Stealth
 - Level 7.6 Unarmed Combat


You had 7 spell levels left.
You didn't know any spells.
Your spell library was empty.

Dungeon Overview and Level Annotations

Branches:
Dungeon (4/15)
 Temple: D:4-7

Altars:
Ashenzari
Vehumet

Annotations:
D:3 1 runed translucent door
D:4 Duvessa


Innate Abilities, Weirdness & Mutations

You cannot wear most types of armour.
You are very stealthy in the water. (Stealth+)
You are amphibious.
You can wear up to eight rings at the same time.
You can use your tentacles to constrict eight enemies at once.
Your skin changes colour to match your surroundings (Stealth+).
Your rubbery body absorbs attacks. (AC +1, EV +1)


Message History

Duvessa weeps, then rights herself and shakes her weapon.
Duvessa goes berserk!
Duvessa rages.
Duvessa hits you with a +0 short sword!
Okay, then.
Duvessa barely misses you. Duvessa hits you with a +0 short sword!
* * * LOW HITPOINT WARNING * * *
You feel better. Duvessa hits you with a +0 short sword.
* * * LOW HITPOINT WARNING * * *
Duvessa barely misses you.
You feel better. Duvessa closely misses you.
Duvessa rages.
Duvessa hits you with a +0 short sword!
* * * LOW HITPOINT WARNING * * *
Okay, then.
Okay, then.
It was a potion of haste.
You feel yourself speed up. Duvessa hits you with a +0 short sword!
You die...

#.....# #
#.....# #
#....## # ##..##
## ##..## #.
##..## #. ##..##
##. ##..### #.#
###@.## ###.#
##e.## #...#
##..###
###...#..
##...##...######
#.....## # ##
##....## ..##
#....##
....###....#
.....#....##


You could see Duvessa (berserk).

Vanquished Creatures
  Pikel (D:4)
  The ghost of SamuraiZach the Magician, an amateur TrWz (D:3)
  An ogre (D:4)
  A bullfrog (D:3)
  Dowan (D:4)
  3 gnolls (D:2)
  A river rat (D:3)
  6 adders
  3 oozes
  An adder zombie (D:3)
  2 worms (D:2)
  4 dart slugs
  3 leopard geckos (D:3)
  2 orcs (D:3)
  2 ball pythons
  9 bats
  A giant cockroach (D:2)
  8 goblins
  11 hobgoblins
  A quokka (D:3)
  5 frilled lizards
  5 kobolds
  13 rats
85 creatures vanquished.

Notes
Turn   | Place    | Note
-------+----------+-------------------------------------------
     0 | D:1      | xccam the Octopode Monk began the quest for the Orb.
     0 | D:1      | Reached XP level 1. HP: 16/16 MP: 1/1
   323 | D:1      | Reached XP level 2. HP: 21/21 MP: 2/2
   691 | D:1      | You fall into a shaft and drop 1 floor!
   706 | D:1      | Found a shattered altar of Ashenzari.
   742 | D:1      | Reached XP level 3. HP: 19/26 MP: 3/3
  1542 | D:2      | Reached XP level 4. HP: 18/31 MP: 4/4
  1633 | D:2      | Reached skill level 5 in Unarmed Combat
  1775 | D:2      | Found a radiant altar of Vehumet.
  1785 | D:2      | Found a shattered altar of Ashenzari.
  2148 | D:3      | Reached XP level 5. HP: 36/36 MP: 5/5
  2497 | D:3      | Found a runed translucent door.
  2502 | D:3      | Noticed SamuraiZach's ghost (amateur TrWz)
  2612 | D:3      | Found a runed translucent door.
  3274 | D:3      | Killed SamuraiZach's ghost
  3274 | D:3      | Reached XP level 6. HP: 18/42 MP: 6/6
  3617 | D:4      | Noticed a slave
  3618 | D:4      | Noticed Pikel
  3619 | D:4      | Noticed a slave
  3619 | D:4      | Noticed a slave
  3619 | D:4      | Noticed a slave
  3649 | D:4      | Killed Pikel
  3649 | D:4      | Reached skill level 6 in Stealth
  3649 | D:4      | Reached skill level 8 in Stealth
  3649 | D:4      | Reached XP level 7. HP: 21/46 MP: 7/7
  3649 | D:4      | Reached XP level 8. HP: 24/52 MP: 8/8
  4186 | D:4      | Noticed Dowan
  4189 | D:4      | Noticed Duvessa
  4197 | D:4      | Killed Dowan
  4212 | D:4      | Mangled by Duvessa

Illustrated notes

Levels and vault maps discovered:
D:1:      grunt_arrival_crossed_arrows, layout_basic, evilmike_ruin_ashenzari
D:2:      layout_loops_ring, minitemple
D:3:      minmay_razor_zed, layout_loops_ring, ebering_ghost_sewer_f
D:4:      layout_cave_pods, uniq_pikel, uniq_duvessa

Skill      XL: |  1  2  3  4  5  6 |
---------------+-------------------+-----
Unarmed Combat | 4 5 7 |  7.6
Stealth        | 8 |  8.1
Fighting       | |  3.2
Dodging        | |  3.3

Action                   |  1- 3 |  4- 6 |  7- 9 || total
-------------------------+-------+-------+-------++-------
Melee: Unarmed           |    78 |   108 |     8 ||   194
       Constrict         |    18 |    21 |     3 ||    42
       Tentacles         |     9 |    15 |     1 ||    25
       Punch             |     3 |     3 |     1 ||     7
  Use: Potion            |       |     4 |     3 ||     7
       Scroll            |       |     3 |       ||     3
 Stab: Sleeping          |    12 |     8 |     3 ||    23
       Distracted        |     1 |       |       ||     1
  Eat: Chunk             |     2 |     6 |     1 ||     9
Armor: Skin              |     4 |    19 |       ||    23
Dodge: Dodged            |    39 |    76 |     5 ||   120
